 Dungeon Crawl Stone Soup version 0.17-a0-1481-gfdcec5c (webtiles) character file.

2 Gorice the Caller (level 1, 0/12 HPs)
             Began as a Tengu Wanderer on July 4, 2015.
             Slain by a gnoll
             ... wielding a cursed +0 halberd
              (12 damage)
             ... on level 1 of the Dungeon.
             The game lasted 00:03:35 (203 turns).

Gorice the Caller (Tengu Wanderer)                   Turns: 203, Time: 00:03:35

Health: 0/12       AC:  2    Str: 11    XL:     1   Next: 40%
Magic:  3/3        EV: 11    Int: 16    God:
Gold:   0          SH:  0    Dex: 10    Spells: 0 memorised, 1 level left

rFire  . . .     SeeInvis .     a - +0 club
rCold  . . .     Clarity  .     d - +0 robe
rNeg   . . .     SustAt   .     (no shield)
rPois  .         Gourm    .     (helmet restricted)
rElec  .         Spirit   .     (no cloak)
rCorr  .         Warding  .     (no gloves)
rMut   .         Stasis   .     (boots unavailable)
MR     .....                    (no amulet)
Stlth  +.........               (no ring)
                                (no ring)

@: not resistant to hostile enchantments, very unstealthy
A: beak, talons 3
a: no special abilities


You were on level 1 of the Dungeon.
You were not hungry.

You visited 1 branch of the dungeon, and saw 1 of its levels.

Inventory:

Hand weapons
 a - a +0 club (weapon)
Missiles
 Z - 39 stones (quivered)
Armour
 d - a +0 robe (worn)
Potions
 c - a potion of curing
Books
 b - Sif Muna's Disquisition on Fire

   Spells                             Type                      Level
   a - Flame Tongue                   Conjuration/Fire             1
   b - Inner Flame                    Hexes/Fire                   3
 e - a book of Callings
Comestibles
 f - a bread ration {!e}
 g - a chunk of flesh


   Skills:
 - Level 1.0 Fighting
 - Level 1.1 Maces & Flails
 - Level 1.1 Armour
 - Level 1.0 Stealth
 + Level 0.6 Spellcasting
   Level 3.6 Summonings
   Level 1.5 Translocations
   Level 1.0 Evocations


You had one spell level left.
You didn't know any spells.

Dungeon Overview and Level Annotations

Branches:
Dungeon (1/15)

Altars:


Innate Abilities, Weirdness & Mutations

You have a beak for a mouth.
You have claws for feet.


Message History

Found a stone staircase leading down.
A bat comes into view.
The helpless bat fails to defend itself.
You hit the bat. Your kick misses the bat.
The bat is severely wounded.
The bat hits you.
Damage: 1 (max 1)
The bat closely misses you.
Throwing (i - inventory):
Z - 39 stones (quivered)
Press: ? - help, Shift-Dir - straight line, f - bat
Aim: a bat (severely wounded)
You throw a stone. The stone barely misses the bat.
The bat closely misses you.
Throwing (i - inventory):
Z - 38 stones (quivered)
Press: ? - help, Shift-Dir - straight line, f/p - bat
Aim: a bat (severely wounded)
You throw a stone. The stone closely misses the bat.
The bat hits you but does no damage.
You hit the bat.
You kill the bat!
You see here a bat corpse.
You butcher the bat corpse.
g - a chunk of flesh
Z - 38 stones (gained 1)
Z - 39 stones (gained 1) Magic restored.
Found an escape hatch in the floor.
A goblin comes into view. It is wielding a dagger.
Found an orange potion.
A goblin comes into view. It is wielding a club.
The goblin shouts!
Found a runed dagger.
Found 14 stones.
A kobold comes into view.
Found 8 gold pieces.
There is an open door here.
The kobold shouts!
The kobold throws a stone.
The stone closely misses you.
Found a red potion.
A goblin comes into view.
You see here a stone.
The goblin shouts!
The kobold throws a stone.
The stone hits you but does no damage.
Found an orange potion.
A gnoll comes into view. It is wielding a halberd.
You see here a stone.
The gnoll shouts!
The kobold barely misses you. The gnoll misses you.
The gnoll hits you from afar with a halberd!
Ouch! That really hurt!
You die...

#.##......).. #.
#.##......... +.
#.##......... #.
###.##.!....... ##
#.............. #
....>.#..........
...#.!#.#'#######
........#(##########..#
....g####.(.g.gK@.....#
.....+...........!....#
.....#####....g.......#
..... ...............#
###.(...!......#
#..$.........#
#..............
##+########...#


You could see a gnoll, 2 goblins and a kobold.

Vanquished Creatures
  A bat (D:1)
  A goblin (D:1)
2 creatures vanquished.

Notes
Turn   | Place    | Note
--------------------------------------------------------------
     0 | D:1      | Gorice the Tengu Wanderer began the quest for the Orb.
     0 | D:1      | Gorice set off with: a book of Callings, Sif Muna's Disquisition on Fire, a potion of curing, a +0 robe, a +0 club, a bread ration {!e}
     0 | D:1      | Reached XP level 1. HP: 12/12 MP: 2/2
     0 | D:1      | Identified Sif Muna's Disquisition on Fire
   203 | D:1      | Slain by a gnoll

Vault maps used:
D:1:      shiori_arrival_elements

Action                   || total
-------------------------++-------
Melee: Club              ||     4
Throw: Stone             ||     2
 Stab: Sleeping          ||     1

Table legend:
 A = Turns spent in this place as a percentage of turns spent in the entire game.
 B = Non-inter-level travel turns spent in this place as a percentage of non-inter-level travel turns spent in the entire game.
 C = Inter-level travel turns spent in this place as a percentage of turns spent in this place.
 D = Turns resting spent in this place as a percentage of non-inter-level travel turns spent in this place.
 E = Turns spent auto-exploring this place as a percentage of non-inter-level travel turns spent in this place.
 F = Non-inter-level travel turns spent in this place divided by the number of levels of this place that you've seen.
                   A       B       C       D       E      F
               +-------+-------+-------+-------+-------+----------------------
         Total | 100.0 | 100.0 |   0.0 |   3.4 |  12.1 |  58.0
       Dungeon | 100.0 | 100.0 |   0.0 |   3.4 |  12.1 |  58.0
               +-------+-------+-------+-------+-------+----------------------

Vault maps used:
D:1:      shiori_arrival_elements
